General information
- name: BNet
- type: Ladder team game (AT/RT)
- host: Battle.net
- saver: XD_Destiny
map: Battleground
- players: 8
- length: 59:35
- speed: Fast
- version: 1.26 W3XP
- replay type: Public
» download(306 KB)
Players
team 1 (loser)

»
Tk-alltheway (
red | 37 APM | 2030 actions | 54:46)
8 Dark Ranger
3 Black Arrow
3 Life Drain
1 Charm
1 Silence
» actions
| Basic commands | 10 | |
| Build / train | 73 | |
| Enter build submenu | 26 | |
| Enter hero's abilities submenu | 8 | |
| Give item / drop item | 2 | |
| Remove unit from queue | 1 | |
| Right click | 1261 | |
| Select / deselect | 589 | |
| Use ability | 60 | |
2030 total
» units
| Acolyte | 2 | |
| Ghoul | 7 | |
| Gargoyle | 19 | |
| Peasant | 18 | |
46 total
» upgrades
| Creature Attack | 2 | |
| Creature Carapace | 2 | |
4 total
» buildings
| Crypt | 3 | |
| Ziggurat | 10 | |
| Halls of the Dead | 2 | |
| Graveyard | 1 | |
| Altar of Darkness | 1 | |
| Tree of Life | 1 | |
| Great Hall | 1 | |
| Scout Tower | 6 | |
| Arcane Tower | 5 | |
| Keep | 4 | |
| Workshop | 1 | |
35 total
» build order
00:15 Crypt
00:18 Ziggurat
00:21 Ziggurat
01:38 Halls of the Dead
01:38 Halls of the Dead
02:24 Graveyard
02:33 Ziggurat
03:08 Crypt
03:16 Altar of Darkness
04:06 Ziggurat
05:06 Ziggurat
10:01 Ziggurat
10:03 Ziggurat
10:08 Ziggurat
10:10 Ziggurat
10:13 Ziggurat
16:18 Crypt
18:16 Tree of Life
20:21 Great Hall
49:24 Scout Tower
49:28 Scout Tower
49:51 Arcane Tower
50:09 Arcane Tower
50:34 Scout Tower
50:38 Scout Tower
51:04 Arcane Tower
51:05 Arcane Tower
51:23 Keep
51:23 Keep
51:23 Keep
52:01 Workshop
52:46 Scout Tower
53:55 Scout Tower
54:43 Arcane Tower
» items

»
Darkrane_JR (
orange | 19 APM | 1055 actions | 55:34)
3 Demon Hunter
2 Immolation
1 Evasion
1 Archmage
1 Summon Water Elemental
1 Paladin
1 Divine Shield
» actions
| Build / train | 60 | |
| Enter build submenu | 23 | |
| Enter hero's abilities submenu | 5 | |
| Remove unit from queue | 1 | |
| Right click | 295 | |
| Select / deselect | 629 | |
| Use ability | 41 | |
1055 total
» units
» upgrades
| Abolish Magic | 1 | |
| Strength of the Wild | 1 | |
| Reinforced Hides | 1 | |
3 total
» buildings
| Moon Well | 7 | |
| Altar of Elders | 1 | |
| Ancient of War | 2 | |
| Hunter's Hall | 1 | |
| Ancient of Wonders | 1 | |
| Tree of Ages | 1 | |
| Ancient Protector | 6 | |
| Ancient of Lore | 3 | |
| Tree of Life | 1 | |
23 total
» build order
00:31 Moon Well
00:45 Altar of Elders
01:42 Ancient of War
01:57 Moon Well
03:02 Hunter's Hall
03:08 Ancient of Wonders
04:16 Tree of Ages
05:01 Ancient Protector
05:02 Ancient Protector
05:27 Ancient Protector
06:24 Ancient Protector
06:25 Ancient Protector
07:59 Ancient Protector
09:58 Ancient of Lore
10:00 Ancient of Lore
10:01 Ancient of Lore
11:32 Moon Well
11:39 Moon Well
12:10 Moon Well
13:08 Moon Well
14:02 Moon Well
15:41 Tree of Life
16:08 Ancient of War
mtalbs5 (
blue | 24 APM | 881 actions | 37:13)
4 Archmage
2 Summon Water Elemental
2 Blizzard
2 Paladin
1 Divine Shield
1 Holy Light
» actions
| Assign group hotkey | 29 | |
| Build / train | 86 | |
| Enter build submenu | 40 | |
| Enter hero's abilities submenu | 6 | |
| Give item / drop item | 1 | |
| Right click | 238 | |
| Select / deselect | 267 | |
| Select group hotkey | 153 | |
| Use ability | 61 | |
881 total
» units
| Peasant | 25 | |
| Footman | 7 | |
| Rifleman | 21 | |
53 total
» upgrades
| Gunpowder | 2 | |
| Armor | 2 | |
| Long Rifles | 1 | |
| Swords | 1 | |
6 total
» buildings
| Farm | 16 | |
| Altar of Kings | 2 | |
| Barracks | 3 | |
| Blacksmith | 1 | |
| Lumber Mill | 2 | |
| Scout Tower | 9 | |
| Keep | 2 | |
| Arcane Tower | 6 | |
| Guard Tower | 6 | |
| Castle | 2 | |
| Workshop | 2 | |
| Town Hall | 3 | |
| Arcane Vault | 1 | |
55 total
» build order
00:30 Farm
00:39 Altar of Kings
00:55 Barracks
01:10 Farm
02:01 Blacksmith
02:19 Farm
03:07 Farm
03:24 Lumber Mill
03:39 Barracks
03:52 Farm
04:24 Scout Tower
05:46 Keep
05:48 Arcane Tower
05:51 Scout Tower
06:23 Guard Tower
06:27 Scout Tower
07:00 Guard Tower
07:38 Farm
08:40 Castle
08:53 Workshop
09:02 Workshop
12:12 Town Hall
13:46 Town Hall
17:27 Scout Tower
17:58 Arcane Tower
18:49 Farm
19:18 Farm
19:24 Altar of Kings
19:54 Farm
20:01 Farm
20:44 Farm
21:30 Barracks
22:32 Lumber Mill
23:39 Farm
24:08 Farm
24:16 Keep
25:31 Scout Tower
25:35 Farm
26:02 Arcane Tower
26:06 Scout Tower
27:18 Arcane Tower
27:23 Scout Tower
28:01 Arcane Tower
28:15 Farm
28:31 Castle
29:05 Farm
29:29 Arcane Vault
30:24 Scout Tower
31:12 Guard Tower
31:16 Scout Tower
31:23 Town Hall
32:05 Guard Tower
32:08 Guard Tower
33:43 Guard Tower
33:48 Arcane Tower
» items
SuckerPunch (
pink | 54 APM | 3241 actions | 59:32)
7 Keeper of the Grove
3 Entangling Roots
2 Force of Nature
1 Thorns Aura
1 Tranquility
» actions
| Assign group hotkey | 30 | |
| Basic commands | 4 | |
| Build / train | 84 | |
| Enter build submenu | 29 | |
| Enter hero's abilities submenu | 7 | |
| Give item / drop item | 1 | |
| Remove unit from queue | 2 | |
| Right click | 2242 | |
| Select / deselect | 283 | |
| Select group hotkey | 495 | |
| Use ability | 61 | |
3241 total
» units
| Wisp | 22 | |
| Archer | 10 | |
| Hippogryph | 11 | |
| Chimaera | 6 | |
| Forest Troll Shadow Priest | 1 | |
| Glaive Thrower | 7 | |
| Peasant | 7 | |
64 total
» upgrades
| Hippogryph Taming | 1 | |
| Strength of the Moon | 2 | |
| Strength of the Wild | 1 | |
| Corrosive Breath | 1 | |
| Vorpal Blades | 1 | |
6 total
» buildings
| Moon Well | 11 | |
| Altar of Elders | 1 | |
| Ancient of War | 2 | |
| Hunter's Hall | 2 | |
| Tree of Ages | 2 | |
| Ancient of Wonders | 1 | |
| Ancient of Wind | 1 | |
| Tree of Eternity | 1 | |
| Chimaera Roost | 2 | |
| Tree of Life | 2 | |
| Ancient Protector | 1 | |
26 total
» build order
00:18 Moon Well
00:23 Altar of Elders
00:37 Ancient of War
01:32 Moon Well
02:32 Hunter's Hall
03:23 Moon Well
04:03 Tree of Ages
04:52 Ancient of Wonders
06:49 Ancient of Wind
06:57 Moon Well
07:56 Moon Well
08:12 Tree of Eternity
08:38 Moon Well
10:52 Chimaera Roost
10:56 Chimaera Roost
16:42 Moon Well
17:50 Moon Well
20:54 Tree of Life
21:27 Moon Well
21:33 Moon Well
31:24 Tree of Life
36:54 Tree of Ages
37:06 Ancient of War
37:35 Hunter's Hall
38:45 Ancient Protector
42:37 Moon Well
» items
team 2 (winner)
PunkNDrublic (
yellow | 27 APM | 1219 actions | 45:03)
5 Blademaster
3 Wind Walk
2 Critical Strike
3 Shadow Hunter
1 Hex
2 Healing Wave
» actions
| Build / train | 61 | |
| Enter build submenu | 16 | |
| Enter hero's abilities submenu | 8 | |
| Give item / drop item | 3 | |
| Remove unit from queue | 4 | |
| Right click | 712 | |
| Select / deselect | 353 | |
| Use ability | 62 | |
1219 total
» units
| Peon | 8 | |
| Troll Headhunter/Berserker | 7 | |
| Grunt | 2 | |
| Wind Rider | 6 | |
| Shaman | 5 | |
| Troll Witch Doctor | 2 | |
| Troll Batrider | 1 | |
31 total
» upgrades
| Armor | 1 | |
| Ranged Weapons | 2 | |
| Shaman Training | 2 | |
| Witch Doctor Training | 2 | |
| Troll Regeneration | 1 | |
| Berserker Upgrade | 1 | |
| Envenomed Spears | 1 | |
10 total
» buildings
| Altar of Storms | 1 | |
| Orc Burrow | 7 | |
| War Mill | 1 | |
| Barracks | 1 | |
| Stronghold | 1 | |
| Voodoo Lounge | 1 | |
| Spirit Lodge | 2 | |
| Beastiary | 1 | |
| Fortress | 1 | |
| Great Hall | 1 | |
17 total
» build order
00:07 Altar of Storms
00:10 Orc Burrow
00:51 War Mill
01:21 Barracks
02:01 Orc Burrow
02:55 Orc Burrow
03:45 Stronghold
04:56 Orc Burrow
05:56 Orc Burrow
06:13 Voodoo Lounge
07:06 Spirit Lodge
07:08 Beastiary
08:44 Fortress
08:51 Spirit Lodge
09:16 Orc Burrow
11:12 Orc Burrow
18:04 Great Hall
» items
| Scroll of Town Portal | 1 | |
| Healing Salve | 1 | |
| Orb of Corruption | 1 | |
| Potion of Healing | 1 | |
4 total

»
THEALLSEEINGEYE (
teal | 50 APM | 2951 actions | 59:32)
6 Death Knight
3 Death Coil
2 Unholy Aura
1 Animate Dead
» actions
| Assign group hotkey | 39 | |
| Basic commands | 144 | |
| Build / train | 85 | |
| ESC pressed | 7 | |
| Enter build submenu | 64 | |
| Enter hero's abilities submenu | 6 | |
| Give item / drop item | 7 | |
| Right click | 1575 | |
| Select / deselect | 660 | |
| Select group hotkey | 54 | |
| Use ability | 310 | |
2951 total
» units
| Acolyte | 3 | |
| Ghoul | 7 | |
| Obsidian Statue | 1 | |
| Meatwagon | 9 | |
| Wisp | 4 | |
| Frost Wyrm | 4 | |
28 total
» upgrades
» buildings
| Ziggurat | 30 | |
| Altar of Darkness | 1 | |
| Graveyard | 1 | |
| Crypt | 1 | |
| Nerubian Tower | 13 | |
| Halls of the Dead | 2 | |
| Tomb of Relics | 1 | |
| Slaughterhouse | 2 | |
| Ancient Protector | 6 | |
| Spirit Tower | 13 | |
| Sacrificial Pit | 1 | |
| Black Citadel | 1 | |
| Boneyard | 1 | |
73 total
» build order
00:58 Ziggurat
01:00 Altar of Darkness
01:39 Graveyard
01:45 Crypt
02:16 Nerubian Tower
02:17 Nerubian Tower
03:25 Halls of the Dead
04:12 Tomb of Relics
04:38 Ziggurat
04:42 Ziggurat
04:44 Ziggurat
06:15 Nerubian Tower
06:35 Slaughterhouse
06:39 Slaughterhouse
07:58 Ziggurat
08:01 Ziggurat
08:03 Ziggurat
08:05 Ziggurat
08:56 Nerubian Tower
08:57 Nerubian Tower
08:58 Nerubian Tower
18:55 Ziggurat
18:59 Ziggurat
19:01 Ziggurat
19:04 Ziggurat
19:58 Nerubian Tower
19:58 Nerubian Tower
20:09 Ziggurat
20:21 Ziggurat
20:43 Ancient Protector
20:46 Ancient Protector
20:51 Ancient Protector
20:53 Ancient Protector
21:01 Nerubian Tower
21:01 Nerubian Tower
21:06 Ziggurat
21:08 Ziggurat
21:11 Ziggurat
21:39 Ancient Protector
21:46 Ancient Protector
22:12 Spirit Tower
22:12 Spirit Tower
22:18 Spirit Tower
22:18 Spirit Tower
22:42 Spirit Tower
22:54 Sacrificial Pit
23:20 Ziggurat
23:21 Ziggurat
23:23 Ziggurat
23:30 Ziggurat
23:36 Ziggurat
23:43 Ziggurat
23:45 Ziggurat
23:50 Ziggurat
23:54 Ziggurat
23:55 Ziggurat
23:58 Ziggurat
24:22 Spirit Tower
24:24 Spirit Tower
24:30 Black Citadel
24:44 Spirit Tower
24:48 Spirit Tower
24:49 Spirit Tower
25:08 Spirit Tower
26:30 Ziggurat
26:42 Ziggurat
26:53 Boneyard
35:03 Spirit Tower
36:36 Nerubian Tower
» items
| Rod of Necromancy | 3 | |
| Potion of Healing | 2 | |
| Potion of Mana | 1 | |
| Scroll of Town Portal | 6 | |
| Potion of Lesser Invulnerability | 1 | |
| Potion of Invisibility | 1 | |
| Circlet of Nobility | 1 | |
| Staff of Teleportation | 1 | |
16 total

»
XD_Destiny (
purple | 105 APM | 6250 actions | 59:35)
10 Blademaster
3 Wind Walk
3 Critical Strike
1 Bladestorm
3 Mirror Image
» actions
| Assign group hotkey | 1377 | |
| Basic commands | 42 | |
| Build / train | 64 | |
| Enter build submenu | 17 | |
| Enter hero's abilities submenu | 10 | |
| Give item / drop item | 11 | |
| Remove unit from queue | 3 | |
| Right click | 3218 | |
| Select / deselect | 452 | |
| Select group hotkey | 734 | |
| Use ability | 322 | |
6250 total
» units
» upgrades
| Ranged Weapons | 3 | |
| Armor | 3 | |
| Burning Oil | 1 | |
| Spiked Barricades | 1 | |
| Reinforced Defenses | 1 | |
9 total
» buildings
| Altar of Storms | 2 | |
| Orc Burrow | 7 | |
| Stronghold | 1 | |
| Barracks | 2 | |
| Voodoo Lounge | 1 | |
| War Mill | 1 | |
| Fortress | 1 | |
| Beastiary | 2 | |
| Watch Tower | 9 | |
26 total
» build order
00:13 Altar of Storms
00:19 Orc Burrow
02:09 Stronghold
02:36 Barracks
02:43 Barracks
02:47 Voodoo Lounge
02:57 Orc Burrow
03:26 Orc Burrow
04:05 War Mill
07:01 Orc Burrow
10:01 Fortress
20:31 Beastiary
20:32 Beastiary
20:43 Watch Tower
20:44 Watch Tower
20:44 Watch Tower
20:45 Watch Tower
20:46 Watch Tower
20:47 Watch Tower
20:48 Watch Tower
20:50 Watch Tower
20:52 Watch Tower
29:32 Altar of Storms
30:39 Orc Burrow
30:46 Orc Burrow
30:58 Orc Burrow
» items
| Circlet of Nobility | 3 | |
| Healing Salve | 3 | |
| Lesser Clarity Potion | 2 | |
| Scroll of Speed | 1 | |
| Boots of Speed | 1 | |
| Potion of Healing | 6 | |
| Staff of Teleportation | 1 | |
| Orb of Lightning | 1 | |
| Scroll of Town Portal | 3 | |
| Potion of Lesser Invulnerability | 3 | |
24 total
CaptKush98 (
green | 27 APM | 469 actions | 17:15)
3 Demon Hunter
2 Immolation
1 Evasion
» actions
| Basic commands | 3 | |
| Build / train | 50 | |
| Enter build submenu | 19 | |
| Enter hero's abilities submenu | 3 | |
| Remove unit from queue | 4 | |
| Right click | 212 | |
| Select / deselect | 145 | |
| Use ability | 33 | |
469 total
» units
| Wisp | 22 | |
| Archer | 7 | |
| Huntress | 3 | |
| Mountain Giant | 2 | |
| Druid of the Claw | 1 | |
35 total
» upgrades
| Strength of the Wild | 2 | |
| Reinforced Hides | 2 | |
4 total
» buildings
| Altar of Elders | 1 | |
| Ancient of War | 1 | |
| Moon Well | 8 | |
| Hunter's Hall | 1 | |
| Tree of Ages | 1 | |
| Tree of Life | 2 | |
| Ancient of Wonders | 1 | |
| Ancient of Lore | 2 | |
| Ancient of Wind | 1 | |
| Tree of Eternity | 1 | |
19 total
» build order
00:06 Altar of Elders
00:09 Ancient of War
00:11 Moon Well
01:41 Moon Well
02:36 Moon Well
03:38 Hunter's Hall
04:40 Moon Well
04:53 Tree of Ages
06:13 Moon Well
06:36 Tree of Life
07:13 Moon Well
08:02 Ancient of Wonders
08:21 Moon Well
08:30 Ancient of Lore
08:32 Ancient of Lore
08:43 Ancient of Wind
09:56 Moon Well
12:50 Tree of Eternity
13:30 Tree of Life
Chat log
(00:33 / Allies) PunkNDrublic: plan?
(00:51 / Allies) CaptKush98: giants and bears for me
(00:53 / Allies) CaptKush98: but
(00:54 / Allies) CaptKush98: rush?
(01:03 / Allies) PunkNDrublic: sure
(01:40 / Allies) PunkNDrublic: i guess purp doesnt like that idea so creep
(01:48 / Allies) XD_Destiny: yes
(01:49 / Allies) XD_Destiny: i dont
(01:57 / Allies) XD_Destiny: go hard or go home
(02:03 / Allies) CaptKush98: god
(02:09 / Allies) CaptKush98: ok w.e
(02:13 / Allies) PunkNDrublic: go hard or big?
(02:24 / Allies) THEALLSEEINGEYE: hard
(02:25 / Allies) THEALLSEEINGEYE: big
(02:28 / Allies) THEALLSEEINGEYE: >pick 2
(02:30 / Allies) THEALLSEEINGEYE: for my dick
(02:31 / Allies) XD_Destiny: go hard or take a pill to get hard
(02:45 / Allies) PunkNDrublic: this got really homoerotic
(03:05 / Allies) THEALLSEEINGEYE: my dick is 5 inches hard
(03:10 / All) XD_Destiny: my team mates are hitting on me
(03:11 / Allies) PunkNDrublic: lol
(03:12 / All) XD_Destiny: im scared
(03:21 / All) Tk-alltheway: lol
(03:25 / All) Darkrane_JR: do you have nice tits?
(03:25 / Allies) CaptKush98: i would be embarassed if my dick was 5inch hard
(03:30 / All) PunkNDrublic: his butthole is bleached
(03:33 / All) THEALLSEEINGEYE: i have a nice dick
(03:43 / All) THEALLSEEINGEYE: embarassed?
(03:47 / All) THEALLSEEINGEYE: DIDNT U HEAR THE NEWS
(03:52 / All) XD_Destiny: no but teal has a five inch dick
(03:53 / All) THEALLSEEINGEYE: smaller is better now
(03:53 / All) XD_Destiny: apparently
(04:00 / All) Darkrane_JR: lol
(04:03 / Allies) CaptKush98: ok
(04:09 / All) PunkNDrublic: is all about how you work it
(05:07 / All) THEALLSEEINGEYE: lets compare dick sizes
(05:11 / Allies) CaptKush98: omg
(05:15 / All) Tk-alltheway: mines 7 inches
(05:17 / All) PunkNDrublic: sword fight?
(05:18 / All) XD_Destiny: oh dear
(05:18 / All) THEALLSEEINGEYE: 5 here
(05:19 / All) Tk-alltheway: boyahhh
(05:30 / All) PunkNDrublic: lmao
(05:31 / All) Tk-alltheway: lmfao oj
(05:34 / All) Darkrane_JR: :P
(05:40 / All) PunkNDrublic: my epeen is 19 inches
(05:42 / Allies) PunkNDrublic: /flex
(05:57 / All) THEALLSEEINGEYE: im not afraid
(06:26 / All) PunkNDrublic: the all seeing eye seen my penis?
(07:10 / All) THEALLSEEINGEYE: did u know its normal for girls to compare boob sizes
(07:15 / All) THEALLSEEINGEYE: so lets compare dick sizes
(07:28 / Allies) CaptKush98: dude
(07:29 / Allies) CaptKush98: stfu
(07:34 / All) Darkrane_JR: mines 3 inches.
(07:52 / All) Darkrane_JR: but my epeen is like 19 feet.
(08:08 / All) Tk-alltheway: lol
(08:15 / All) PunkNDrublic: good choice
(08:25 / All) Tk-alltheway: ill spend 350 just so u dont get xp
(08:30 / All) Tk-alltheway: X)
(08:32 / All) PunkNDrublic: exactly
(08:56 / Allies) XD_Destiny: go
(09:28 / All) Darkrane_JR: lol
(09:30 / All) Darkrane_JR: bahahahahhaa
(09:39 / All) THEALLSEEINGEYE: get some
(09:39 / All) XD_Destiny: you done goofed
(09:50 / All) Darkrane_JR: im sorry, that was funny to me
(10:03 / All) THEALLSEEINGEYE: only thing funny
(10:08 / All) THEALLSEEINGEYE: is how much bigger my dick is than urs
(10:13 / All) Darkrane_JR: thats true
(11:10 / All) Tk-alltheway: wow
(11:29 / All) Tk-alltheway: blue is as much of a noob as purp
(11:30 / All) CaptKush98: lol
(11:59 / All) Darkrane_JR: not even a CtA
(12:01 / All) Darkrane_JR: :(
(13:00 / Allies) THEALLSEEINGEYE: how big is it green
(13:03 / Allies) THEALLSEEINGEYE: tell me now
(13:07 / Allies) THEALLSEEINGEYE: or ur expo goes down
(13:18 / Allies) CaptKush98: i dont really care
(13:22 / Allies) CaptKush98: ur a fag
(13:27 / Allies) PunkNDrublic: lol
(13:28 / All) Darkrane_JR: lol
(13:38 / All) Darkrane_JR: blue and red are fighting...GANG WARS!
(13:43 / All) Darkrane_JR: Bloods vs. Crips
(13:43 / All) Tk-alltheway: lol
(13:47 / All) Darkrane_JR: it just got real
(13:49 / All) PunkNDrublic: ahw snap
(13:57 / All) mtalbs5: nah, red's just a fag who's played this too long
(14:02 / All) Tk-alltheway: lmfao
(14:07 / All) Darkrane_JR: gang wars!
(14:12 / All) XD_Destiny: yeah he mad
(14:12 / All) CaptKush98: yo teal
(14:13 / All) Tk-alltheway: im 16 bro ur prob like 30
(14:14 / Allies) CaptKush98: stop
(14:18 / Allies) CaptKush98: ur being a dick
(14:41 / Allies) PunkNDrublic: lol
(14:46 / All) XD_Destiny: wow
(14:54 / All) Darkrane_JR: OWNED!
(14:58 / All) Darkrane_JR: lol
(15:01 / All) Darkrane_JR: gg :D
(15:08 / All) CaptKush98: teal is such a fag
(15:09 / All) Tk-alltheway: UR UNITS DIED?
(15:11 / All) PunkNDrublic: owned with siege lol
(15:53 / Allies) PunkNDrublic: ok?
(16:11 / Allies) PunkNDrublic: ...
(16:17 / All) Darkrane_JR: im gonna copy purple!
(16:21 / All) Darkrane_JR: bwhaahah
(16:27 / All) Darkrane_JR: next time im orc, mass demos
(16:31 / Allies) PunkNDrublic: thanks teal
(16:33 / All) XD_Destiny: XD
(16:37 / Allies) PunkNDrublic: your cool
(16:43 / All) THEALLSEEINGEYE: thanks
(16:51 / All) Darkrane_JR: teal..youre just teal..
(16:52 / All) CaptKush98: teal is fucking up the game
(17:20 / All) Tk-alltheway: GG
(17:24 / All) Darkrane_JR: Owned!
(19:17 / All) Darkrane_JR: i should have gone mass glaives
(19:19 / All) Darkrane_JR: damn!
(19:51 / All) PunkNDrublic: he uses his all seeing eye to scope out the cock
(20:04 / All) Darkrane_JR: man...
(20:10 / All) Darkrane_JR: purp is dominating
(23:03 / All) Tk-alltheway: lmfao charm
(23:50 / All) Tk-alltheway: PUSSY
(25:08 / All) Tk-alltheway: PINK BLOWS
(25:40 / All) Tk-alltheway: LOL
(25:44 / All) Tk-alltheway: GG
(27:14 / Allies) THEALLSEEINGEYE: hey yellow
(27:17 / Allies) THEALLSEEINGEYE: use ur damn hero
(28:41 / Allies) THEALLSEEINGEYE: dude
(28:42 / Allies) THEALLSEEINGEYE: revive
(28:48 / Allies) XD_Destiny: no gold
(29:51 / Allies) PunkNDrublic: this is theirt only gold
(29:58 / Allies) XD_Destiny: can you kill it
(30:11 / Allies) PunkNDrublic: bring everything
(30:40 / All) Tk-alltheway: u lost dude just fuckin leave please
(30:58 / All) THEALLSEEINGEYE: Level 4 hero lol
(31:00 / Allies) PunkNDrublic: come on teal
(31:02 / All) Tk-alltheway: y u all still hrere?
(31:53 / All) Tk-alltheway: hhaha
(31:58 / All) Tk-alltheway: where that come from
(32:02 / All) Tk-alltheway: i saw them walkin
(33:33 / Allies) PunkNDrublic: we have to stop him lol
(33:37 / Allies) PunkNDrublic: bring meat wagon
(34:45 / All) PunkNDrublic: lol
(35:54 / Allies) PunkNDrublic: ;p;
(36:10 / Allies) THEALLSEEINGEYE: how much gold u have yellow
(36:17 / Allies) PunkNDrublic: 199
(36:27 / Allies) THEALLSEEINGEYE: get a pot then?
(36:44 / Allies) PunkNDrublic: no shop
(36:49 / Allies) THEALLSEEINGEYE: mine?
(37:09 / Allies) XD_Destiny: the champ is here
(37:11 / Allies) XD_Destiny: the champ is here
(37:12 / Allies) PunkNDrublic: oh i thgouth you meant orc healing things
(37:23 / All) Tk-alltheway: lol
(37:25 / All) Tk-alltheway: nobo blue
(37:28 / Allies) PunkNDrublic: gey another mine teal
(37:32 / Allies) PunkNDrublic: ill give you the gold
(37:39 / Allies) THEALLSEEINGEYE: naw
(37:41 / Allies) THEALLSEEINGEYE: dont feel like it
(37:49 / Allies) PunkNDrublic: why we could win?
(38:09 / Allies) XD_Destiny: hide the wyrm
(38:29 / All) Tk-alltheway: STOP
(38:30 / All) Tk-alltheway: IOMFG
(38:32 / All) Tk-alltheway: U FUCKIGN IDIOT
(38:33 / All) Tk-alltheway: U FUCK
(38:34 / Allies) THEALLSEEINGEYE: careful
(38:36 / Allies) THEALLSEEINGEYE: lag spikes
(38:38 / All) Tk-alltheway: I WAS FUCKIGN SURROUNDING HIM
(38:41 / All) Tk-alltheway: U FUCKLING MORON
(38:45 / All) Tk-alltheway: WHAT THE FUCK IS WRONG WITH
(38:47 / All) Tk-alltheway: U
(38:52 / All) PunkNDrublic: lmao
(38:56 / All) Darkrane_JR: lol
(38:59 / All) Tk-alltheway: HOLY SHIT
(39:05 / All) Tk-alltheway: THIS KID IS FUCKING RETARDED
(39:10 / All) Tk-alltheway: FUCKIN MOVED FOOTS AWAY
(39:11 / All) Tk-alltheway: LMFAO
(39:14 / All) Tk-alltheway: GARBAGE
(39:41 / Allies) THEALLSEEINGEYE: gold me
(39:42 / Allies) THEALLSEEINGEYE: nerd
(39:53 / Allies) PunkNDrublic: thats all i got
(40:45 / All) THEALLSEEINGEYE: ur too sloww
(41:12 / Allies) THEALLSEEINGEYE: im spiking arent i
(41:13 / Allies) PunkNDrublic: noooo
(41:14 / Allies) PunkNDrublic: lol
(41:26 / All) PunkNDrublic: well that sucked
(42:16 / Allies) PunkNDrublic: teal sell buildings
(42:39 / Allies) THEALLSEEINGEYE: how wud u revive
(42:51 / Allies) PunkNDrublic: not me i want you to build shit
(43:26 / Allies) PunkNDrublic: we would have won if you didnt team kill
(43:30 / All) Tk-alltheway: wow
(43:33 / Allies) THEALLSEEINGEYE: it was funny tho
(43:34 / All) Tk-alltheway: u guys are so fucking gay
(43:37 / All) Tk-alltheway: we fuckin won
(43:41 / Allies) PunkNDrublic: lol
(43:42 / Allies) XD_Destiny: keep a shade in blue base plase
(43:45 / All) Tk-alltheway: and u guys are being little nerdy 40 year olds
(43:46 / All) Tk-alltheway: lmfao
(43:49 / Allies) THEALLSEEINGEYE: at the time it was funny
(43:57 / All) XD_Destiny: why so mad bruh
(43:58 / All) Tk-alltheway: i can careless about my record
(44:00 / All) Tk-alltheway: but really
(44:00 / All) PunkNDrublic: im only 23 :(
(44:01 / All) XD_Destiny: just attack the towers
(44:04 / All) XD_Destiny: and go to bed
(44:05 / All) Tk-alltheway: lmfao
(44:25 / All) XD_Destiny: just donate your computer to goodwill
(44:29 / Allies) THEALLSEEINGEYE: lol
(44:31 / All) XD_Destiny: you're going to be an art major anyway
(44:31 / All) Tk-alltheway: lol
(44:36 / All) Tk-alltheway: i dont wana give u my comp
(44:48 / All) Tk-alltheway: cuz thats where itl go if i sent it to good will
(45:18 / Allies) THEALLSEEINGEYE: get back here
(45:20 / Allies) XD_Destiny: i know
(45:22 / Allies) XD_Destiny: killin gecpo
(46:09 / Allies) XD_Destiny: any gold
(46:18 / Allies) XD_Destiny: gg
(46:24 / Allies) XD_Destiny: 2 mroe
(46:33 / Allies) XD_Destiny: 2 gold
(46:34 / Allies) XD_Destiny: ?
(46:47 / Allies) XD_Destiny: killig him
(48:36 / Allies) THEALLSEEINGEYE: u stay alicve
(48:50 / Allies) THEALLSEEINGEYE: shud i animate dead
(48:52 / Allies) XD_Destiny: yy
(48:53 / Allies) THEALLSEEINGEYE: or aura 3
(49:12 / Allies) THEALLSEEINGEYE: chime
(49:15 / Allies) XD_Destiny: k
(49:16 / Allies) XD_Destiny: dr dead
(49:24 / Allies) XD_Destiny: o it
(49:27 / Allies) XD_Destiny: omw
(49:35 / Allies) XD_Destiny: watch that
(49:41 / Allies) XD_Destiny: kill expo
(50:05 / All) Tk-alltheway: tahts all they got
(50:23 / Allies) XD_Destiny: ok
(50:24 / Allies) XD_Destiny: i need
(50:25 / Allies) XD_Destiny: mana
(50:27 / Allies) XD_Destiny: and i can end
(50:38 / Allies) THEALLSEEINGEYE: gogo
(50:44 / Allies) THEALLSEEINGEYE: thats all i got
(50:46 / Allies) XD_Destiny: ok
(50:51 / Allies) XD_Destiny: coil peons
(50:56 / Allies) XD_Destiny: once i get
(51:00 / Allies) XD_Destiny: 275 mana
(51:01 / Allies) XD_Destiny: i end
(51:05 / Allies) THEALLSEEINGEYE: k
(51:15 / Allies) THEALLSEEINGEYE: i shudve got level 3 aura
(51:15 / All) Tk-alltheway: gayest*
(51:17 / Allies) THEALLSEEINGEYE: fuk me
(51:19 / Allies) XD_Destiny: get a shade
(51:22 / Allies) XD_Destiny: =in blue main
(51:48 / Allies) XD_Destiny: see those 2
(51:51 / Allies) XD_Destiny: coil them
(52:29 / Allies) THEALLSEEINGEYE: lol cudnt do it
(52:32 / Allies) XD_Destiny: its k
(52:33 / Allies) THEALLSEEINGEYE: cuz my mouse was so bad
(52:36 / Allies) XD_Destiny: can you animate dead
(52:43 / Allies) THEALLSEEINGEYE: not yet
(52:48 / Allies) XD_Destiny: share
(52:56 / All) Tk-alltheway: i dont have time for this
(52:59 / All) Tk-alltheway: purp ur smart
(53:04 / All) Tk-alltheway: but ur a fucking bitch
(53:05 / All) Tk-alltheway: loser
(53:07 / All) Tk-alltheway: lmfao
(53:10 / All) Tk-alltheway: get alife homo
(53:20 / All) XD_Destiny: hate the game
(53:21 / All) Tk-alltheway: stop sittin on warcraft ur whole fuckin life
(53:24 / All) Tk-alltheway: lmfao
(53:25 / All) XD_Destiny: not the player
(53:30 / All) Tk-alltheway: UR A GIRL TOO?
(53:34 / Allies) THEALLSEEINGEYE: shud i animate dead
(53:35 / All) Tk-alltheway: ur the girkl right?
(53:36 / Allies) XD_Destiny: yes
(53:37 / Allies) XD_Destiny: do it now
(53:40 / Allies) XD_Destiny: get in the
(53:44 / Allies) XD_Destiny: no
(53:45 / Allies) XD_Destiny: not now
(53:47 / All) Tk-alltheway: or are u just a 60 year old guy pretending to be a girl
(54:26 / Allies) XD_Destiny: kill shit
(54:43 / Allies) XD_Destiny: nice
(54:54 / All) Darkrane_JR: lol
(54:57 / Allies) XD_Destiny: we are saving
(54:58 / Allies) XD_Destiny: this replay
(55:08 / All) Darkrane_JR: gg.
(55:11 / All) XD_Destiny: gg sir
(55:27 / Allies) THEALLSEEINGEYE: did we really win
(55:27 / All) Darkrane_JR: so smart with the bms
(55:27 / Allies) THEALLSEEINGEYE: lol
(55:30 / Allies) XD_Destiny: yeah
(55:34 / Allies) XD_Destiny: we really won
(55:44 / Allies) THEALLSEEINGEYE: lmfao
(55:59 / Allies) XD_Destiny: unroot your tower
(56:03 / Allies) XD_Destiny: up*
(56:49 / Allies) XD_Destiny: exp
(57:25 / All) XD_Destiny: really
(57:28 / All) XD_Destiny: this again
(57:38 / All) XD_Destiny: hi im Yozshura
(57:59 / Allies) THEALLSEEINGEYE: get something else
(58:02 / Allies) THEALLSEEINGEYE: my towers will take it down
(58:10 / Allies) XD_Destiny: wheres the shade
(58:35 / Allies) XD_Destiny: ty
(58:45 / All) XD_Destiny: fail image
(58:50 / All) XD_Destiny: beats bad players
(59:03 / All) XD_Destiny: image surround
(59:06 / All) XD_Destiny: so smart
(59:10 / Allies) THEALLSEEINGEYE: lol
(59:30 / Allies) THEALLSEEINGEYE: im wheely fucking hungry